 Dungeon Crawl Stone Soup version 0.19-b1-1-g9a3527e (webtiles) character file.

16 Goblin1989 the Insei (level 2, 0/21 HPs)
             Began as a Demonspawn Transmuter on Oct 28, 2016.
             Slain by a gnoll
             ... wielding a +0 club
              (6 damage)
             ... on level 1 of the Dungeon.
             The game lasted 00:02:43 (1068 turns).

Goblin1989 the Insei (Demonspawn Transmuter)        Turns: 1068, Time: 00:02:44

Health: 0/21       AC:  7    Str: 10    XL:     2   Next: 37%
Magic:  5/5        EV: 12    Int: 17    God:
Gold:   66         SH:  0    Dex: 13    Spells: 2 memorised, 2 levels left

rFire  + . .     SeeInvis .       - Unarmed
rCold  . . .     Gourm    .     b - +0 robe
rNeg   . . .     Faith    .     (no shield)
rPois  .         Spirit   .     k - +1 helmet {Int+3}
rElec  .         Reflect  .     (no cloak)
rCorr  .         Harm     .     i - +2 pair of gloves
MR     .....                    (no boots)
Stlth  +.........               (no amulet)
                                (no ring)
                                (no ring)

@: no status effects
A: fire resistance 1
a: no special abilities


You were on level 1 of the Dungeon.
You were hungry.

You visited 1 branch of the dungeon, and saw 1 of its levels.

You collected 66 gold pieces.

Inventory:

Missiles
 a - 57 arrows
Armour
 b - a +0 robe (worn)
 i - a +2 pair of gloves (worn)
 k - a +1 helmet of intelligence (worn)
Scrolls
 e - a scroll of amnesia {unknown}
 g - a scroll of fear {unknown}
 h - 5 scrolls of identify {unknown}
 j - a scroll of teleportation {unknown}
 l - a scroll of remove curse {unknown}
 m - a scroll of enchant armour {unknown}
Potions
 n - 2 potions of agility {unknown}
Books
 c - a book of Changes

   Spells                             Type                      Level
   a - Beastly Appendage              Transmutation                1
   b - Sticks to Snakes               Transmutation                2
   c - Spider Form                    Transmutation/Poison         3
   d - Ice Form                       Ice/Transmutation            4
   e - Blade Hands                    Transmutation                5
Comestibles
 d - a bread ration {@e1}
 f - a meat ration {@e2}


   Skills:
 - Level 1.0 Fighting
 - Level 1.7 Dodging
 + Level 3.4 Unarmed Combat
 - Level 2.0 Spellcasting
 - Level 1.7 Transmutations


You had 2 spell levels left.
You knew the following spells:

 Your Spells              Type           Power        Failure   Level  Hunger
a - Beastly Appendage     Tmut           #.....       12%         1    #......
b - Sticks to Snakes      Tmut           #.......     17%         2    ###....


Dungeon Overview and Level Annotations

Branches:
Dungeon (1/15)

Altars:


Innate Abilities, Weirdness & Mutations

Your flesh is heat resistant. (rF+)


Message History

You hit the gnoll.
The gnoll is lightly wounded.
The gnoll closely misses you.
You hit the gnoll but do no damage.
The gnoll is lightly wounded.
The gnoll barely misses you.
You barely miss the gnoll.
The gnoll is lightly wounded.
The gnoll hits you with a club.
You take 1 damage, and have 12/21 hp.
You hit the gnoll. You claw the gnoll.
The gnoll is moderately wounded.
The gnoll hits you with a club.
* * * LOW HITPOINT WARNING * * *
You take 6 damage, and have 6/21 hp.
MASSIVE DAMAGE!!
You hit the gnoll.
The gnoll is severely wounded.
Your talons disappear.
The gnoll hits you with a club.
You die...

..... ██████.█.█████████ ██.█
█.......██......█ ...███████
█.███...██.████.█
.........████.█........█ █.█
...█ █....██.██.█.>████ █.█
...█ █..█.██.██(█.....█ █.█
..█████.......██.██.█.██ █.█
...........█████.█..█.█████.█
█.██████.......g@...█.......█
█.█.......███.█████.█████████
█.█.████.████.......█
..█.██......███████.█
███.██.█......█ █.█
█.██.████.█.█ █.█ ███.██.█
█.█.█ █.█
....██.████.█.█████.█
██████......█.......█


You could see a gnoll.

Vanquished Creatures
  2 dart slugs (D:1)
  2 goblins (D:1)
  4 hobgoblins (D:1)
  A bat (D:1)
  A frilled lizard (D:1)
  A kobold (D:1)
11 creatures vanquished.

Notes
Turn   | Place    | Note
-------+----------+-------------------------------------------
     0 | D:1      | Goblin1989 the Demonspawn Transmuter began the quest for the Orb.
     0 | D:1      | Reached XP level 1. HP: 15/15 MP: 3/3
   251 | D:1      | Reached skill level 3 in Unarmed Combat
   459 | D:1      | Gained mutation: Your flesh is heat resistant. (rF+) [demonic ancestry]
   459 | D:1      | Reached XP level 2. HP: 21/21 MP: 5/5
   599 | D:1      | Learned a level 2 spell: Sticks to Snakes
  1068 | D:1      | Slain by a gnoll

Skill      XL: |  1 |
---------------+----+-----
Unarmed Combat | 3 |  3.4
Fighting       | |  1.0
Dodging        | |  1.7
Spellcasting   | |  2.0
Transmutations | |  1.7

Action                   || total
-------------------------++-------
Melee: Unarmed           ||    55
       Kick              ||     8
 Cast: Beastly Appendage ||     6
 Stab: Sleeping          ||     1
Armor: Robe              ||     8
Dodge: Dodged            ||    27

Vault maps used:
D:1:      dpeg_arrival_snail
